 Dungeon Crawl Stone Soup version 0.28-a0-823-gb444dcf96d (console) character file.

Game seed: 8031764227071404811

4634 petzl the Covert (level 10, -6/68 HPs)
             Began as an Octopode Arcane Marksman on Nov 9, 2021.
             Was an Initiate of Vehumet.
             Mangled by a hellwing (10 damage)
             ... on level 7 of the Dungeon.
             The game lasted 01:29:49 (15318 turns).

petzl the Covert (Octopode Arcane Marksman)        Turns: 15318, Time: 01:29:49

Health: -6/68      AC:  1    Str: 16    XL:     10   Next: 43%
Magic:  4/19       EV: 14    Int: 19    God:    Vehumet [......]
Gold:   274        SH:  0    Dex: 12    Spells: 7/21 levels left

rFire   . . .      SeeInvis .   a - +1 morningstar (protect)
rCold   . . .      Faith    .   (no shield)
rNeg    . . .      Spirit   .   (helmet restricted)
rPois   .          Reflect  .   (no amulet)
rElec   .          Harm     .   f - ring of flight
rCorr   .          Rampage  .   s - +6 ring of strength
Will    .....                   (no ring)
Stlth   +++++.....              (no ring)
HPRegen 0.21/turn               (no ring)
MPRegen 0.16/turn               (no ring)
                                (no ring)
                                (no ring)

@: flying, very slightly contaminated, invisible
A: almost no armour, amphibious, 8 rings, camouflage 1, gelatinous body 1,
(nimble swimmer 1), tentacles
a: Renounce Religion


You were on level 7 of the Dungeon.
You worshipped Vehumet.
Vehumet was noncommittal.
You visited 2 branches of the dungeon, and saw 9 of its levels.
You also visited: Sewer and Ossuary.

You collected 394 gold pieces.
You spent 120 gold pieces at shops.

Inventory:

Hand Weapons
 a - a +1 morningstar of protection (weapon)
 b - a +0 hand crossbow of chaos
 z - a +1 whip of electrocution
 H - a +2 dagger of venom {!f =f}
 I - the +3 spear "Gexzutas" {pain, Dex+4, !f =f}
   (You found it on level 4 of the Dungeon)

   In the hands of one skilled in necromantic magic, it inflicts extra damage on
   living creatures.
   Dex:       It affects your dexterity (+4).
Missiles
 e - 26 poisoned darts
 h - 4 javelins (quivered)
 l - 2 curare-tipped darts {!*}
 p - 10 boomerangs
 x - 3 bolts
Jewellery
 f - a ring of flight (left tentacle)
 s - a +6 ring of strength (right tentacle)
Wands
 y - a wand of flame (8)
 A - a wand of digging (5)
 G - a wand of mindburst (6)
Scrolls
 c - a scroll of immolation {unknown}
 i - 5 scrolls of teleportation
 n - a scroll of vulnerability
 o - 2 scrolls of brand weapon
 q - 2 scrolls of amnesia
 r - 4 scrolls of fog {unknown}
 t - 4 scrolls of enchant armour
 C - 2 scrolls of summoning
 E - 2 scrolls of enchant weapon {unknown}
Potions
 d - 3 potions of mutation {unknown}
 g - a potion of ambrosia {unknown}
 j - 2 potions of brilliance {unknown}
 k - 2 potions of degeneration {unknown}
 m - a potion of curing
 u - a potion of might {unknown}
 v - a potion of lignification {unknown}
 w - 2 potions of resistance {unknown}
 B - 4 potions of haste {unknown}
 F - a potion of cancellation {unknown}


   Skills:
 + Level 5.9 Fighting
 - Level 5.0 Crossbows
 - Level 5.0 Dodging
 + Level 8.4 Stealth
 + Level 6.3 Spellcasting
 * Level 5.6 Conjurations
 - Level 3.0 Hexes
 - Level 3.0 Necromancy
 - Level 3.0 Air Magic
 - Level 3.0 Poison Magic


You had 7 spell levels left.
You knew the following spells:

 Your Spells              Type           Power      Damage    Failure   Level
a - Slow                  Hex            68%        N/A       3%          1
b - Poisonous Vapours     Pois/Air       34%        N/A       4%          2
c - Iskenderun's Mystic   Conj/Tloc      16%        2d5       34%         4
d - Dazzling Flash        Conj/Hex       44%        N/A       5%          3
u - Dispel Undead         Necr           17%        3d10      30%         4

Your spell library contained the following spells:

 Spells                   Type           Power      Damage    Failure   Level
 Corpse Rot               Necr/Air       34%        N/A       4%          2
 Sting                    Tmut/Pois      44%        1d5       6%          1
 Ensorcelled Hibernation  Hex/Ice        22%        N/A       9%          2
 Tukima's Dance           Hex            17%        N/A       10%         3
 Inner Flame              Hex/Fire       11%        N/A       17%         3
 Portal Projectile        Hex/Tloc       22%        N/A       17%         3
 Summon Guardian Golem    Hex/Summ       11%        N/A       17%         3
 Cause Fear               Hex            8%         N/A       30%         4
 Olgreb's Toxic Radiance  Pois           17%        N/A       30%         4
 Death Channel            Necr           8%         N/A       99%         6
 Starburst                Conj/Fire      8%         6d4       99%         6
 Orb of Destruction       Conj           13%        9d6       100%        7
 Spellforged Servitor     Conj/Summ      8%         N/A       100%        7


Dungeon Overview and Level Annotations

Branches:
Dungeon (8/15)             Temple (1/1) D:6           Sewer (visited)
Ossuary (visited)
   Lair: D:8-11

Altars:
Cheibriados
Dithmenos
Elyvilon
Fedhas
Gozag
Hepliaklqana
Kikubaaqudgha
Makhleb
Nemelex Xobeh
Okawaru
Qazlal
Ru
Sif Muna
Trog
Uskayaw
Vehumet
Xom
Yredelemnul
Zin
The Shining One

Shops:
D:1 =   D:3 [?(!:   D:7 (

Annotations:
D:5 exclusion: downstairs
D:6 exclusions: downstairs and upstairs
D:7 exclusion: downstairs


Innate Abilities, Weirdness & Mutations

You cannot wear most types of armour.
You are amphibious.
You can wear up to eight rings at the same time.
Your skin changes colour to match your surroundings (Stealth+).
Your rubbery body absorbs attacks. (AC +1, EV +1)
((You are camouflaged near water. (Stealth+)))
You have tentacles for arms and can constrict up to eight enemies at once.


Message History

The hellwing barely misses you. The hellwing hits you.
Casting: Dazzling Flash (dangerous; 5% risk of failure)
Confirm with . or Enter, or press ? or * to list all spells.
Casting: Dazzling Flash (dangerous; 5% risk of failure)
Press: ? - help, Dir - look around, f - activate The hellwing misses you.
The hellwing barely misses you.
Casting: Dazzling Flash (dangerous; 5% risk of failure)
Confirm with . or Enter, or press ? or * to list all spells.
Casting: Dazzling Flash (dangerous; 5% risk of failure)
Press: ? - help, Dir - look around, f - activate You miscast Dazzling Flash.
You are very lightly contaminated with residual magic.
Nothing appears to happen.
The hellwing hits you. The hellwing misses you.
Casting: Dazzling Flash (dangerous; 5% risk of failure)
Confirm with . or Enter, or press ? or * to list all spells.
Casting: Dazzling Flash (dangerous; 5% risk of failure)
Press: ? - help, Dir - look around, f - activate The hellwing barely misses you.
The hellwing hits you!
Casting: Dazzling Flash (dangerous; 5% risk of failure)
Confirm with . or Enter, or press ? or * to list all spells.
Aiming: Slow (safe; 3% risk of failure)
Press: ? - help, Shift-Dir - straight line, f - hellwing
Aim: a hellwing (chance to affect: 21%)
Okay, then.
Unknown command.
Unknown command.
Unknown command.
Casting: Slow (safe; 3% risk of failure)
Confirm with . or Enter, or press ? or * to list all spells.
Aiming: Dispel Undead (dangerous; 30% risk of failure)
Press: ? - help, Shift-Dir - straight line, f - hellwing
Aim: a hellwing (100% to hit)
The hellwing is unaffected.
The hellwing hits you! x2
* * * LOW HITPOINT WARNING * * *
You fade into invisibility!
The hellwing hits you!
* * * LOW HITPOINT WARNING * * *
The hellwing closely misses you. The hellwing hits you!
You die...

####......#..#.).....## ##.....
#.#.......#...........# ##..... ##
###.........#........##.###...... <#
####.......................#....##..
.###.#.##...........................#.#
.......................................
.......)..........[.####.#.#.#.......##
.....###...).....##.# #...###........#
...#.##..........#..####....##......#..
...#.............##.##....####......#..
......#.........##.......###.....###...
.(..###.........##..#....###.....#.....
.........#...##.###..>(................
.............##..####...............#..
.......#.##......####......###.##.#.##.
.......#####.##.|.#.........#...###....
...##..####.....................##..##.
#........###.......4.............#...#.
#.......####..###.#@.........#.........
..........##...####.####...#.........#.
........#......# ##..#.#...#..#<.....#.
........###....###........##.##)....)..
...............#.....##..###..##.....#.
............#.........##.......###.####
..#.........##.........#...#...........
#....(.....###.............##..##..#.#.
#...........#..#.....^......#...รท..#...
##.............#...................#...
#...........((..........#.............
##......<...)..........##.............
#......................##.............
#.....#...............................
#...##.......####.....................
##........#### ##..(#.................
##.....#...# ##......................
###..#...#..[# #.#######.#.#......#...#
.....###....####(#Z....#.#........##..#


You could see a hellwing.

Vanquished Creatures
  A centaur skeleton (D:8)
  Sigmund (D:6)
  4 yaks
  A wyvern (D:6)
  Menkaure (D:7)
  2 water moccasins
  A sky beast (D:4)
  2 black bears
  2 ogres
  2 centaurs
  A phantom (D:6)
  2 kobold brigands (D:7)
  3 bullfrogs
  An elf zombie (Ossuary)
  A water moccasin zombie (D:5)
  2 scorpions
  2 water moccasin skeletons (D:5)
  2 howler monkeys
  A bullfrog zombie (D:5)
  3 centaur zombies
  4 hounds
  A human zombie (Ossuary)
  2 orc priests
  A jelly (D:4)
  6 iguanas
  4 orc wizards
  2 hound zombies (Ossuary)
  A hound skeleton (D:4)
  3 mummies (Ossuary)
  8 gnolls (D:5)
  7 adders
  6 river rats
  2 shadow imps
  2 white imps
  2 ufetubi
  4 adder zombies (Ossuary)
  An adder skeleton (D:4)
  3 worms
  A dart slug (D:1)
  12 orcs
  11 bats
  13 endoplasms
  6 giant cockroaches
  2 gnoll zombies (Ossuary)
  12 goblins
  9 hobgoblins
  5 jackals
  20 kobolds
  5 quokkas
  21 ball pythons
  3 frilled lizards
  3 goblin zombies (Ossuary)
  3 hobgoblin zombies (Ossuary)
  A jackal zombie (Ossuary)
  2 kobold zombies (Ossuary)
  7 quokka zombies (Ossuary)
  27 rats
  5 rat zombies (Ossuary)
262 creatures vanquished.

Vanquished Creatures (others)
  A kobold (D:8)
  5 plants (D:6)
  7 withered plants (D:8)
13 creatures vanquished.

Grand Total: 275 creatures vanquished

Notes
Turn   | Place    | Note
-------+----------+-------------------------------------------
     0 | D:1      | petzl the Octopode Arcane Marksman began the quest for the
                  | Orb.
     0 | D:1      | Reached XP level 1. HP: 13/13 MP: 2/2
   188 | D:1      | Reached XP level 2. HP: 18/18 MP: 3/3
   303 | D:1      | Found Ajecruph's Jewellery Boutique.
   309 | D:1      | Reached skill level 1 in Stealth
   666 | D:1      | Found a faded altar of an unknown god.
   900 | D:1      | Reached XP level 3. HP: 22/23 MP: 5/5
  2693 | D:2      | Reached skill level 2 in Stealth
  2771 | D:3      | Found Kadai's Distillery.
  2787 | D:3      | Bought a potion of curing for 42 gold pieces
  2883 | D:3      | Reached XP level 4. HP: 29/29 MP: 6/6
  2986 | D:3      | Found Ixaigepn's Book Shoppe.
  3051 | D:3      | Found Goironed's Antique Weapon Shoppe.
  3580 | D:3      | Found Tureanut's Armour Boutique.
  3600 | D:3      | Found Edeprasa's Magic Scroll Shop.
  3611 | D:3      | Bought a scroll of identify for 26 gold pieces
  3611 | D:3      | Bought a scroll of identify for 26 gold pieces
  3825 | D:4      | Found an iron altar of Okawaru.
  3826 | D:4      | Noticed a black bear
  3879 | D:4      | Found an ancient bone altar of Kikubaaqudgha.
  4027 | D:5      | Entered Level 5 of the Dungeon
  4043 | D:5      | Reached XP level 5. HP: 26/34 MP: 6/8
  4070 | D:5      | Reached skill level 3 in Stealth
  4082 | D:5      | Reached XP level 6. HP: 23/41 MP: 9/9
  4288 | D:5      | Noticed a water moccasin
  4318 | D:5      | Noticed a sky beast
  4435 | D:5      | Found a sand-covered staircase.
  4442 | Ossuary  | Entered an ossuary
  4963 | Ossuary  | Reached skill level 4 in Stealth
  5236 | Ossuary  | Reached XP level 7. HP: 42/46 MP: 9/11
  6252 | D:5      | Reached skill level 5 in Stealth
  6564 | D:6      | Found a shimmering altar of Xom.
  6621 | D:6      | Found a sacrificial altar of Ru.
  6630 | D:6      | Found a staircase to the Ecumenical Temple.
  6630 | D:6      | Noticed a wyvern
  6767 | D:6      | Reached XP level 8. HP: 21/54 MP: 13/13
  6970 | D:6      | Found a glowing drain.
  6974 | Sewer    | Entered a sewer
  8311 | D:6      | Found a blossoming altar of Fedhas.
  8383 | D:4      | Reached skill level 6 in Stealth
  8561 | D:4      | Identified the +3 spear "Gexzutas" {pain, Dex+4}
  8627 | D:3      | Bought a scroll of identify for 26 gold pieces
  8862 | D:4      | Found a glowing golden altar of the Shining One.
  8958 | D:4      | Learned a level 3 spell: Dazzling Flash
  8963 | D:4      | Learned a level 4 spell: Iskenderun's Mystic Blast
  8979 | D:4      | Learned a level 2 spell: Poisonous Vapours
  9371 | D:4      | Reached skill level 1 in Conjurations
  9466 | D:5      | Reached skill level 5 in Dodging
  9472 | D:5      | Reached skill level 1 in Poison Magic
  9591 | D:4      | Reached skill level 1 in Necromancy
  9867 | D:5      | Reached skill level 1 in Air Magic
  9989 | D:6      | Reached XP level 9. HP: 59/59 MP: 11/15
 10065 | D:6      | Reached skill level 5 in Crossbows
 10080 | D:6      | Found a white marble altar of Elyvilon.
 10367 | D:6      | Noticed Sigmund
 11197 | Temple   | Entered the Ecumenical Temple
 11204 | Temple   | Became a worshipper of Vehumet
 11246 | D:7      | Noticed Menkaure
 11435 | D:7      | Killed Menkaure
 11436 | D:7      | Reached skill level 5 in Spellcasting
 11832 | D:7      | Reached skill level 7 in Stealth
 12000 | D:8      | Found a basalt altar of Yredelemnul.
 12117 | D:8      | Reached skill level 5 in Fighting
 12563 | D:7      | Identified the +11 chain mail "Joxtec" {Will+ rCorr SInv}
 12648 | D:7      | Found Pytog's Antique Weapon Boutique.
 13647 | D:6      | Killed Sigmund
 13648 | D:6      | Reached XP level 10. HP: 52/66 MP: 5/18
 14632 | D:8      | Reached skill level 8 in Stealth
 14632 | D:8      | Reached skill level 5 in Conjurations
 15125 | D:7      | Learned a level 4 spell: Dispel Undead
 15318 | D:7      | Mangled by a hellwing

Illustrated notes

Levels and vault maps discovered:
D:1:      dpeg_arrival_round_b, layout_loops_corners,
          ebering_ecumenical_altar_sacrificial, serial_shops, shop
D:2:      layout_loops_cross, serial_co_window_serial, co_window_paths_a,
          co_window_of_opportunity_a, co_window_cross_1, co_window_paths_b,
          co_window_paths_b, co_window_corner_a, co_window_corner_a,
          co_window_corner_b, co_window_cross_3, co_window_of_opportunity_c,
          co_window_broadway_b, co_window_paths_c, co_window_corner_ca,
          co_window_unsneaky_path_a, co_window_paths_e, glass_columns_c
D:3:      layout_rooms, serial_shops, shop, nicolae_square_shop,
          nicolae_diamond_shop, nicolae_shop_trees, nicolae_diamond_shop
D:4:      kennysheep_spiral_hall, layout_rooms, general_overflow_altar,
          okawaru_ov_weapons_minmay, lemuel_crystal_altar
D:5:      layout_rooms, lightli_ossuary_entry_decrepit_ruins
D:6:      corexii_shack_village, layout_cave_pods, mainiacjoe_overflow_alcove_1,
          marbit_many_paths, nicolae_ru_awakened_eye, mainiacjoe_overflow_paths,
          gup_sewer_entry_spiral, uniq_sigmund
D:7:      layout_cave_pools, serial_shops, nicolae_take_the_stairs,
          uniq_menkaure
D:8:      cheibrodos_grave_circle, layout_rooms, nicolae_ashenzari_skybound,
          yredelemnul_altar_generic, serial_shops, kennysheep_mini,
          minmay_microvault, uniq_erica
Temple:   nicolae_temple_no_exploring_needed

Skill      XL: |  1  2  3  4  5  6  7  8  9 10 |
---------------+-------------------------------+-----
Stealth        | 1 2 3 4 5 6 7 8 |  8.4
Fighting       | 2 3 4 5 |  5.9
Spellcasting   | 2 3 4 5 6 |  6.3
Dodging        | 3 4 5 |  5.0
Crossbows      | 3 4 5 |  5.0
Conjurations   | 1 4 5 |  5.6
Poison Magic   | 1 3 |  3.0
Necromancy     | 1 2 3 |  3.0
Air Magic      | 1 2 3 |  3.0
Hexes          | |  3.0

Action                   |  1- 3 |  4- 6 |  7- 9 | 10-12 || total
-------------------------+-------+-------+-------+-------++-------
Melee: Short sword       |    25 |   124 |   230 |       ||   379
       Dagger            |    25 |       |       |       ||    25
       Constrict         |    13 |    37 |    94 |     3 ||   147
       Tentacles         |     7 |    33 |    94 |    18 ||   152
       Unarmed           |     6 |       |       |       ||     6
       Spear             |       |       |   167 |       ||   167
       Morningstar       |       |       |       |    52 ||    52
 Fire: Hand crossbow     |    49 |    28 |    21 |       ||    98
Throw: Dart              |       |     9 |    13 |       ||    22
       Javelin           |       |       |    12 |    11 ||    23
 Cast: Slow              |     2 |    15 |   136 |    27 ||   180
       Poisonous Vapours |       |       |    46 |    21 ||    67
       Dazzling Flash    |       |       |       |     3 ||     3
       Dispel Undead     |       |       |       |     1 ||     1
Evoke: Wand              |       |       |    12 |     1 ||    13
  Use: Scroll            |       |     5 |     7 |       ||    12
       Potion            |       |     1 |    11 |     2 ||    14
 Stab: Sleeping          |     4 |     5 |     7 |       ||    16
Armor: Skin              |    14 |    10 |    18 |    25 ||    67
Dodge: Dodged            |    73 |    82 |   325 |    76 ||   556

Table legend: (Time is in decaauts)
 A = Elapsed time spent in this place.
 B = Non-inter-level travel time spent in this place.
 C = Inter-level travel time spent in this place.
 D = Time resting spent in this place.
 E = Time spent auto-exploring this place.
 F = Levels seen in this place.
 G = Mean time per level.
                   A        B        C        D        E       F      G
               +--------+--------+--------+--------+--------+-----+--------+
         Total |  15480 |  14872 |    608 |   6600 |   2750 |  11 | 1407.3 |
       Dungeon |  12815 |  12220 |    595 |   5266 |   2750 |   8 | 1601.9 |
        Temple |     14 |      1 |     13 |      0 |      0 |   1 |   14.0 |
         Sewer |   1307 |   1307 |      0 |    681 |      0 |   1 | 1307.0 |
       Ossuary |   1343 |   1343 |      0 |    652 |      0 |   1 | 1343.0 |
               +--------+--------+--------+--------+--------+-----+--------+

Top non-repeatable levels by time:
     D:6: 3757 daAuts
     D:7: 1841 daAuts
     D:2: 1639 daAuts
     D:5: 1480 daAuts
     D:4: 1369 daAuts
 Ossuary: 1343 daAuts
     D:1: 1341 daAuts
   Sewer: 1307 daAuts
     D:3: 1003 daAuts
     D:8: 382 daAuts
  Temple: 14 daAuts
